EL
BOWIE BAYSOX @ NORTHWEST ARKANSAS NATURALS
08/22/2047
 
TOP OF THE 1ST
Bowie Baysox batting - Pitching for Northwest Arkansas Naturals : RHP Steve Ryals
Pitching: RHP Steve Ryals
Batting: LHB Tsutomu Miyahara 0-0: Ball
1-0: Ball
2-0: Swinging Strike
2-1: Called Strike
2-2: Strikes out swinging
Batting: SHB Ben Pierce 0-0: Foul Ball, location: 2F
0-1: Foul Ball, location: 2F
0-2: Strikes out looking
Batting: LHB Ben Goldstein 0-0: Ball
1-0: Ball
2-0: Foul Ball, location: 2F
2-1: SINGLE (Groundball, 56D, EV 101.2 MPH)
Batting: RHB Muneer Maudad 0-0: Ball
1-0: Ball
2-0: Swinging Strike
2-1: Ball
3-1: Base on Balls
Ben Goldstein to second
Batting: RHB Kory Sanchez 0-0: Ball
1-0: Called Strike
1-1: Ball
2-1: Ball
3-1: Foul Ball, location: 2F
3-2: Base on Balls
Ben Goldstein to third
Muneer Maudad to second
Batting: RHB Tony Logan 0-0: Ball
1-0: Ball
2-0: Foul Ball, location: 2F
2-1: SINGLE (Groundball, 4MD, EV 103.8 MPH)
Ben Goldstein scores
Muneer Maudad to third
Kory Sanchez to second
Runner from 3rd tries for Home, throw by CF and OUT! 8-2
Top of the 1st over - 1 run, 2 hits, 0 errors, 2 left on base; Bowie 1 - Northwest Arkansas 0
BOTTOM OF THE 1ST
Northwest Arkansas Naturals batting - Pitching for Bowie Baysox : LHP Mark Gehring
Pitching: LHP Mark Gehring
Batting: RHB Willie de los Santos 0-0: Ball
1-0: Called Strike
1-1: Ground out 5-3 (Groundball, 56S, EV 88.8 MPH)
Batting: RHB Kevin Wimberly 0-0: Called Strike
0-1: Ball
1-1: Foul Ball, location: 2F
1-2: Foul Ball, location: 2F
1-2: Ball
2-2: Ball
3-2: Foul Ball, location: 2F
3-2: Ground out 6-3 (Groundball, 6, EV 91.2 MPH)
Batting: RHB Andy Urquhart 0-0: Called Strike
0-1: Foul Ball, location: 2F
0-2: Foul Ball, location: 2F
0-2: Ball
1-2: Fly out, F8 (Flyball, 8LD, EV 98.1 MPH)
Bottom of the 1st over - 0 runs, 0 hits, 0 errors, 0 left on base; Bowie 1 - Northwest Arkansas 0
TOP OF THE 2ND
Bowie Baysox batting - Pitching for Northwest Arkansas Naturals : RHP Steve Ryals
Batting: LHB Matt Patnaude 0-0: Ball
1-0: Ball
2-0: Called Strike
2-1: Ball
3-1: Base on Balls
Batting: LHB Jose Chinchilla 0-0: Fly out, F6 (Line Drive, 6, EV 63.8 MPH)
Batting: RHB Ken Jenkins 0-0: Foul Ball, location: 2F
0-1: Swinging Strike
0-2: Ball
1-2: Ball
2-2: Strikes out swinging
Batting: LHB Tsutomu Miyahara 0-0: Swinging Strike
0-1: Called Strike
0-2: Foul Ball, location: 2F
0-2: Ball
1-2: Strikes out swinging
Top of the 2nd over - 0 runs, 0 hits, 0 errors, 1 left on base; Bowie 1 - Northwest Arkansas 0
BOTTOM OF THE 2ND
Northwest Arkansas Naturals batting - Pitching for Bowie Baysox : LHP Mark Gehring
Batting: RHB Tim Borden 0-0: Ball
1-0: Ball
2-0: Ground out 1-3 (Groundball, P, EV 66.2 MPH)
Batting: LHB Justin Covington 0-0: Ball
1-0: Called Strike
1-1: Ground out 5-3 (Groundball, 5S, EV 92.5 MPH)
Batting: RHB Greg Callaghan 0-0: Ball
1-0: Swinging Strike
1-1: Ball
2-1: Swinging Strike
2-2: Ball
3-2: Strikes out swinging
Bottom of the 2nd over - 0 runs, 0 hits, 0 errors, 0 left on base; Bowie 1 - Northwest Arkansas 0
TOP OF THE 3RD
Bowie Baysox batting - Pitching for Northwest Arkansas Naturals : RHP Steve Ryals
Batting: SHB Ben Pierce 0-0: Ground out 1-3 (Groundball, 13S, EV 61.2 MPH)
Batting: LHB Ben Goldstein 0-0: Ground out 5-3 (Groundball, 56, EV 103.1 MPH)
Batting: RHB Muneer Maudad 0-0: Ball
1-0: Fly out, F7 (Flyball, 7, EV 88.1 MPH)
Top of the 3rd over - 0 runs, 0 hits, 0 errors, 0 left on base; Bowie 1 - Northwest Arkansas 0
BOTTOM OF THE 3RD
Northwest Arkansas Naturals batting - Pitching for Bowie Baysox : LHP Mark Gehring
Batting: LHB Robert Wilkins 0-0: Ball
1-0: Called Strike
1-1: Ball
2-1: Foul Ball, location: 2F
2-2: SINGLE (Groundball, 4MD, EV 95.0 MPH)
Batting: LHB Teko van de Sande 0-0: Ball
1-0: Called Strike
1-1: Swinging Strike
1-2: Foul Ball, location: 2F
1-2: Foul Ball, location: 2F
1-2: Ball
2-2: Foul Ball, location: 2F
2-2: Ball
3-2: Foul Ball, location: 2F
3-2: Base on Balls
Robert Wilkins to second
Batting: RHB Francisco Trejo 0-0: Called Strike
0-1: Foul Ball, location: 2F
0-2: Ball
1-2: Strikes out swinging
Batting: RHB Willie de los Santos 0-0: Ball
Passed Ball!
Robert Wilkins to third
Teko van de Sande to second
1-0: DOUBLE (Line Drive, 8RXD, EV 111.9 MPH)
Robert Wilkins scores
Teko van de Sande scores
Batting: RHB Kevin Wimberly 0-0: Called Strike
0-1: Called Strike
0-2: Strikes out swinging
Batting: RHB Andy Urquhart 0-0: Ground out 6-3 (Groundball, 6, EV 90.6 MPH)
Bottom of the 3rd over - 2 runs, 2 hits, 0 errors, 1 left on base; Bowie 1 - Northwest Arkansas 2
TOP OF THE 4TH
Bowie Baysox batting - Pitching for Northwest Arkansas Naturals : RHP Steve Ryals
Batting: RHB Kory Sanchez 0-0: Called Strike
0-1: Ball
1-1: Ball
2-1: Ball
3-1: Base on Balls
Batting: RHB Tony Logan 0-0: Swinging Strike
0-1: Ball
1-1: Swinging Strike
1-2: Ball
2-2: Ball
3-2: Grounds into double play, 6-4-3 (Groundball, 6, EV 105.0 MPH)
Batting: LHB Matt Patnaude 0-0: Foul Ball, location: 2F
0-1: Ball
1-1: Swinging Strike
1-2: Ball
2-2: Ball
3-2: Strikes out swinging
Top of the 4th over - 0 runs, 0 hits, 0 errors, 0 left on base; Bowie 1 - Northwest Arkansas 2
BOTTOM OF THE 4TH
Northwest Arkansas Naturals batting - Pitching for Bowie Baysox : LHP Mark Gehring
Batting: RHB Tim Borden 0-0: Ball
1-0: Ball
2-0: Ball
3-0: Base on Balls
Batting: LHB Justin Covington 0-0: Fly out, F8 (Flyball, 89D, EV 95.0 MPH)
Batting: RHB Greg Callaghan 0-0: Ball
1-0: Called Strike
1-1: Ball
2-1: Fielders Choice at 2nd, 5-4 (Groundball, 56, EV 88.1 MPH)
Batting: LHB Robert Wilkins 0-0: Ball
Greg Callaghan steals 2nd base
1-0: Called Strike
1-1: DOUBLE (Line Drive, 7LM, EV 110.6 MPH)
Greg Callaghan scores
Batting: LHB Teko van de Sande 0-0: 2-RUN HOME RUN (Flyball, 89XD, EV 115.6 MPH), Distance : 451 ft
Pitching: RHP Brent Widder
Batting: RHB Francisco Trejo 0-0: Ball
1-0: Foul Ball, location: 2F
1-1: Ball
2-1: Called Strike
2-2: Ground out 5-3 (Groundball, 56S, EV 70.0 MPH)
Bottom of the 4th over - 3 runs, 2 hits, 0 errors, 0 left on base; Bowie 1 - Northwest Arkansas 5
TOP OF THE 5TH
Bowie Baysox batting - Pitching for Northwest Arkansas Naturals : RHP Steve Ryals
Batting: LHB Jose Chinchilla 0-0: Called Strike
0-1: Fly out, F9 (Flyball, 9LS, EV 82.5 MPH)
Batting: RHB Ken Jenkins 0-0: Ball
1-0: Ball
2-0: Called Strike
2-1: Ball
3-1: Foul Ball, location: 2F
3-2: Strikes out swinging
Batting: LHB Tsutomu Miyahara 0-0: Ball
1-0: Ball
2-0: Foul Ball, location: 2F
2-1: Ball
3-1: Base on Balls
Batting: SHB Ben Pierce 0-0: Called Strike
0-1: Called Strike
0-2: Foul Ball, location: 2F
0-2: Ball
1-2: Foul Ball, location: 2F
1-2: Strikes out swinging
Top of the 5th over - 0 runs, 0 hits, 0 errors, 1 left on base; Bowie 1 - Northwest Arkansas 5
BOTTOM OF THE 5TH
Northwest Arkansas Naturals batting - Pitching for Bowie Baysox : RHP Brent Widder
Batting: RHB Willie de los Santos 0-0: Ball
1-0: Foul Ball, location: 2F
1-1: Ball
2-1: Swinging Strike
2-2: Ball
3-2: SINGLE (Line Drive, 8RS, EV 96.2 MPH)
Batting: RHB Kevin Wimberly 0-0: Called Strike
0-1: Ball
Willie de los Santos steals 2nd base (no throw)
1-1: Ball
2-1: Ground out U3 (Groundball, 34S, EV 78.1 MPH)
Willie de los Santos to third
Batting: RHB Andy Urquhart 0-0: Foul Ball, location: 2F
0-1: Foul Ball, location: 2F
0-2: Ball
1-2: Strikes out looking
Batting: RHB Tim Borden 0-0: Ball
1-0: Ball
2-0: Swinging Strike
2-1: Ball
3-1: Base on Balls
Batting: LHB Justin Covington 0-0: Ball
1-0: Ball
2-0: Called Strike
2-1: Ball
3-1: Called Strike
3-2: Base on Balls
Tim Borden to second
Batting: RHB Greg Callaghan 0-0: Called Strike
0-1: Ball
1-1: Called Strike
1-2: Ball
2-2: Foul Ball, location: 2F
2-2: Strikes out swinging
Bottom of the 5th over - 0 runs, 1 hit, 0 errors, 3 left on base; Bowie 1 - Northwest Arkansas 5
TOP OF THE 6TH
Bowie Baysox batting - Pitching for Northwest Arkansas Naturals : RHP Steve Ryals
Pitching: RHP Mike Galvin
Batting: LHB Ben Goldstein 0-0: Called Strike
0-1: Fly out, F8 (Flyball, 8LD, EV 90.6 MPH)
Batting: RHB Muneer Maudad 0-0: Fly out, F7 (Line Drive, 78M, EV 108.1 MPH)
Batting: RHB Kory Sanchez 0-0: Ball
1-0: Ball
2-0: Foul Ball, location: 2F
2-1: Foul Ball, location: 2F
2-2: Foul Ball, location: 2F
2-2: Ground out 6-3 (Groundball, 6, EV 92.5 MPH)
Top of the 6th over - 0 runs, 0 hits, 0 errors, 0 left on base; Bowie 1 - Northwest Arkansas 5
BOTTOM OF THE 6TH
Northwest Arkansas Naturals batting - Pitching for Bowie Baysox : RHP Brent Widder
Batting: LHB Robert Wilkins 0-0: Ball
1-0: Swinging Strike
1-1: Swinging Strike
1-2: Strikes out swinging
Batting: LHB Teko van de Sande 0-0: Ball
1-0: Swinging Strike
1-1: Swinging Strike
1-2: Strikes out swinging
Batting: RHB Francisco Trejo 0-0: Called Strike
0-1: Ball
1-1: Ground out 5-3 (Groundball, 56, EV 110.6 MPH)
Bottom of the 6th over - 0 runs, 0 hits, 0 errors, 0 left on base; Bowie 1 - Northwest Arkansas 5
TOP OF THE 7TH
Bowie Baysox batting - Pitching for Northwest Arkansas Naturals : RHP Mike Galvin
Batting: RHB Tony Logan 0-0: Called Strike
0-1: Ball
1-1: Swinging Strike
1-2: Ball
2-2: DOUBLE (Line Drive, 5D, EV 96.9 MPH)
Batting: LHB Matt Patnaude 0-0: Called Strike
0-1: Swinging Strike
0-2: Ball
1-2: Ball
2-2: Strikes out swinging
Batting: LHB Jose Chinchilla 0-0: Fly out, F8 (Flyball, 78S, EV 98.1 MPH)
Batting: RHB Ken Jenkins 0-0: Ground out 3-1 (Groundball, 34S, EV 65.6 MPH)
Top of the 7th over - 0 runs, 1 hit, 0 errors, 1 left on base; Bowie 1 - Northwest Arkansas 5
BOTTOM OF THE 7TH
Northwest Arkansas Naturals batting - Pitching for Bowie Baysox : RHP Brent Widder
Pitching: RHP Zachery Noyes
Batting: RHB Willie de los Santos 0-0: Called Strike
0-1: Ball
1-1: Swinging Strike
1-2: Strikes out swinging
Batting: RHB Kevin Wimberly 0-0: Ball
1-0: Foul Ball, location: 2F
1-1: SINGLE (Line Drive, 5D, EV 96.2 MPH)
Batting: RHB Andy Urquhart 0-0: Called Strike
0-1: Ball
1-1: Ball
2-1: Ball
3-1: Base on Balls
Kevin Wimberly to second
Batting: RHB Tim Borden 0-0: Called Strike
0-1: Ball
1-1: Foul Ball, location: 2F
1-2: Strikes out swinging
Batting: LHB Justin Covington 0-0: Swinging Strike
0-1: Ball
1-1: Ball
2-1: Swinging Strike
2-2: Ground out U3 (Groundball, 3S, EV 85.6 MPH)
Bottom of the 7th over - 0 runs, 1 hit, 0 errors, 2 left on base; Bowie 1 - Northwest Arkansas 5
TOP OF THE 8TH
Bowie Baysox batting - Pitching for Northwest Arkansas Naturals : RHP Mike Galvin
Pitching: RHP Phil Kellum
Batting: LHB Tsutomu Miyahara 0-0: Ball
1-0: Ball
2-0: SINGLE (Groundball, 3D, EV 100.6 MPH)
Batting: SHB Ben Pierce 0-0: Grounds into double play, 5-4-3 (Groundball, 5, EV 81.2 MPH)
Batting: LHB Ben Goldstein 0-0: Ball
1-0: Ball
2-0: Ground out 6-3 (Groundball, 6S, EV 75.0 MPH)
Top of the 8th over - 0 runs, 1 hit, 0 errors, 0 left on base; Bowie 1 - Northwest Arkansas 5
BOTTOM OF THE 8TH
Northwest Arkansas Naturals batting - Pitching for Bowie Baysox : RHP Zachery Noyes
Batting: RHB Greg Callaghan 0-0: Ball
1-0: Ball
2-0: Foul Ball, location: 2F
2-1: SINGLE (Line Drive, 7LM, EV 102.5 MPH)
Batting: LHB Robert Wilkins 0-0: Bunted foul
0-1: Ball
1-1: Bunt missed!
1-2: Grounds into double play, 4-6-3 (Groundball, 4, EV 83.1 MPH)
Batting: LHB Teko van de Sande 0-0: Called Strike
0-1: Ball
1-1: Called Strike
1-2: Ball
2-2: Ground out 4-3 (Groundball, 4, EV 98.8 MPH)
Bottom of the 8th over - 0 runs, 1 hit, 0 errors, 0 left on base; Bowie 1 - Northwest Arkansas 5
TOP OF THE 9TH
Bowie Baysox batting - Pitching for Northwest Arkansas Naturals : RHP Phil Kellum
Batting: RHB Muneer Maudad 0-0: Swinging Strike
0-1: Called Strike
0-2: Ball
1-2: Strikes out swinging
Batting: RHB Kory Sanchez 0-0: Ball
1-0: Foul Ball, location: 2F
1-1: Ball
2-1: Foul Ball, location: 2F
2-2: Ball
3-2: Base on Balls
Batting: RHB Tony Logan 0-0: Ball
1-0: Called Strike
1-1: Fly out, F2 (Popup, 2R, EV 98.1 MPH)
Batting: LHB Matt Patnaude 0-0: Fly out, F9 (Line Drive, 89M, EV 91.9 MPH)
Top of the 9th over - 0 runs, 0 hits, 0 errors, 1 left on base; Bowie 1 - Northwest Arkansas 5
Thursday, December 15th , 2022 - OOTP Baseball 23.9 Build 102